 Dungeon Crawl Stone Soup version 0.28-a0-1233-g92def6ad0a (webtiles) character file.

Game seed: 14918103444885855883

947 Lekart the Chopper (level 7, -5/62 HPs)
             Began as a Green Draconian Chaos Knight on Dec 23, 2021.
             Was a Plaything of Xom.
             Slain by an ice beast (14 damage)
             ... on level 6 of the Dungeon.
             The game lasted 00:08:37 (5615 turns).

Lekart the Chopper (Green Draconian Chaos Knight)   Turns: 5615, Time: 00:08:38

Health: -5/62      AC:  1    Str: 14    XL:     7   Next: 89%
Magic:  7/7        EV: 13    Int: 12    God:    Xom [...*..]
Gold:   322        SH:  0    Dex: 13    Spells: 6/6 levels left

rFire   . . .      SeeInvis .   a - +0 hand axe (chaos)
rCold   . . .      Faith    .   (no shield)
rNeg    . . .      Spirit   .   (armour unavailable)
rPois   +          Reflect  .   (helmet restricted)
rElec   .          Harm     .   d - +0 cloak
rCorr   .          Rampage  .   j - +0 pair of gloves
Will    .....                   c - +0 pair of boots
Stlth   +.........              (no amulet)
HPRegen 0.20/turn               b - ring of poison resistance
MPRegen 0.10/turn               (no ring)

@: corroded, slowed, very slow
A: breathe noxious fumes, AC +6, unfitting armour, poison resistance,
cold-blooded, horns 1, stinger 1
a: Breathe Noxious Fumes, Renounce Religion


You were on level 6 of the Dungeon.
You worshipped Xom.
You were a favourite toy of Xom.
You visited 2 branches of the dungeon, and saw 7 of its levels.

You collected 322 gold pieces.

Inventory:

Hand Weapons
 a - a +0 hand axe of chaos (weapon)
Armour
 c - a +0 pair of boots (worn)
 d - a +0 cloak (worn)
 j - a +0 pair of gloves (worn)
Jewellery
 b - a ring of poison resistance (left hand)
 l - a ring of see invisible
Wands
 g - a wand of charming (9)
Scrolls
 e - a scroll of fog {unknown}
 h - a scroll of enchant armour {unknown}
 m - a scroll of fear
 n - 2 scrolls of identify
Potions
 f - 2 potions of curing
 i - a potion of ambrosia {unknown}
 k - a potion of heal wounds {unknown}


   Skills:
 + Level 5.9 Fighting
 + Level 7.3 Axes
 + Level 4.4 Dodging


You had 6 spell levels left.
You didn't know any spells.
Your spell library contained the following spells:

 Spells                   Type           Power      Damage    Failure   Level
 Ozocubu's Armour         Ice            0%         N/A       69%         3
 Dispel Undead            Necr           0%         3d6       97%         4
 Haunt                    Necr/Summ      0%         N/A       100%        7
 Ozocubu's Refrigeration  Ice            0%         4d5       100%        7
 Death's Door             Necr           0%         N/A       100%        9


Dungeon Overview and Level Annotations

Branches:
Dungeon (6/15)             Temple (1/1) D:4

Altars:
Ashenzari
Cheibriados
Dithmenos
Elyvilon
Fedhas
Gozag
Hepliaklqana
Makhleb
Okawaru
Qazlal
Sif Muna
Trog
Uskayaw
Vehumet
Wu Jian
Xom
Yredelemnul
Zin
The Shining One

Annotations:
D:3 2 transporters, exclusion: downstairs, ChaosChampion's ghost, novice DECj


Innate Abilities, Weirdness & Mutations

You can breathe blasts of noxious fumes.
Your lurid green scales are hard. (AC +6)
You cannot fit into any form of body armour.
Your system is resistant to poisons. (rPois)
You are cold-blooded and may be slowed by cold attacks.
You have a pair of small horns on your head.
Your tail ends in a venomous barb.


Message History

Your cloak billows in an unfelt wind.
You are now a favourite toy of Xom.
A bullfrog skeleton comes into view.
A bullfrog skeleton is nearby!
An ice beast comes into view.
The bullfrog skeleton hits you but does no damage.
You hit the bullfrog skeleton.
You tail-slap the bullfrog skeleton, but do no damage.
The bullfrog skeleton is lightly damaged.
The bullfrog skeleton hits you.
You hit the bullfrog skeleton but do no damage.
The bullfrog skeleton resists with some effort.
The bullfrog skeleton is lightly damaged.
The bullfrog skeleton hits you.
You hit the bullfrog skeleton.
You headbutt the bullfrog skeleton, but do no damage.
The bullfrog skeleton is moderately damaged.
The bullfrog skeleton barely misses you.
The bullfrog skeleton hits you.
You hit the bullfrog skeleton but do no damage.
The bullfrog skeleton flickers and vanishes!
Deactivating autopickup; reactivate with Ctrl-A.
Something barely misses you.
You hit the ice beast but do no damage. Your headbutt misses the ice beast.
You hit something but do no damage.
Nothing appears to happen.
Xom grants you insight.
You feel aware of your surroundings.
You sensed 1 shop/portal.
Something hits you but does no damage. The ice beast misses you.
You hit the ice beast but do no damage. You barely miss something.
Something hits you.
You are too injured to fight recklessly!
The ice beast hits you. The ice beast freezes you!
You feel yourself slow down.
* * * LOW HITPOINT WARNING * * *
Something hits you.
* * * LOW HITPOINT WARNING * * *
The ice beast hits you.
* * * LOW HITPOINT WARNING * * *
The ice beast freezes you!
You die...
Xom thinks this is hilarious!

**** , ,,,,,, ,***,** **
,,*** ,,, ,.........,,*
*** ,* * ** ,.........* *
* ,,*** ,* ,,........# *,
,** * *,,........# #.#**
*,**, ........####.# *,**
...........#.# *
**,**,,........#.$#..,***
,,** ,#.....#.Y@.#.# , ***
**,**,
##...###...#.#**,,,***
**,**,,#..#..#....#.###
*,,, * ,,, * ,.,
##...#..)...###* ,,,*** **
**** * ##.##..)##...###**
, ,,,, ,,
,**#..,#...####..)###**,,
,,, ,, *, #..#..รท..#
###...##### ,,,
,***...###....# ###...#..
,,,,,,
*,.#?.#.....##########...#


You could see an ice beast.

Vanquished Creatures
  2 necrophages
  2 ogres
  A scorpion (D:4)
  A howler monkey (D:5)
  A jelly (D:6)
  3 bullfrog skeletons (D:5)
  Crazy Yiuf (D:2)
  2 hounds
  Natasha (thrice) (D:2)
  A killer bee zombie (D:6)
  A hound zombie (D:5)
  10 gnolls
  3 adders
  An adder skeleton (D:4)
  5 worms
  2 dart slugs (D:1)
  7 orcs
  5 bats
  5 endoplasms
  A giant cockroach (D:2)
  5 goblins
  8 hobgoblins
  3 jackals (D:1)
  A quokka (D:5)
  7 ball pythons
  2 frilled lizards
  5 kobolds
  5 rats
93 creatures vanquished.

Vanquished Creatures (others)
  3 fungi
  A plant (D:1)
  A withered plant (D:1)
5 creatures vanquished.

Grand Total: 98 creatures vanquished

Notes
Turn   | Place    | Note
-------+----------+-------------------------------------------
     0 | D:1      | Lekart the Draconian Chaos Knight began the quest for the
                  | Orb.
     0 | D:1      | Reached XP level 1. HP: 19/19 MP: 1/1
   254 | D:1      | Reached XP level 2. HP: 25/26 MP: 2/2
   420 | D:1      | XOM: divination: magic mapping
   516 | D:1      | XOM: god gift: 23 stones
   628 | D:1      | Found a faded altar of an unknown god.
   821 | D:1      | Reached XP level 3. HP: 33/33 MP: 3/3
  1039 | D:2      | XOM: silly message
  1083 | D:2      | Noticed Natasha
  1095 | D:2      | Killed Natasha
  1111 | D:2      | Found a shimmering blue altar of Sif Muna.
  1143 | D:2      | Reached XP level 4. HP: 40/40 MP: 4/4
  1147 | D:2      | Reached skill level 4 in Axes
  1155 | D:2      | Noticed Natasha
  1198 | D:2      | XOM: divination: magic mapping
  1205 | D:2      | Killed Natasha
  1297 | D:2      | Noticed Natasha
  1300 | D:2      | XOM: potion effect (haste)
  1312 | D:2      | Killed Natasha
  1702 | D:2      | XOM: divination: detect creatures
  1745 | D:2      | Found a runed translucent door.
  1746 | D:2      | Noticed Crazy Yiuf
  1765 | D:2      | Killed Crazy Yiuf
  1766 | D:2      | Reached XP level 5. HP: 26/47 MP: 5/5
  1977 | D:3      | Got the Disquisition on Stolen Souls
  1989 | D:3      | XOM: noise
  1991 | D:3      | Noticed ChaosChampion's ghost (novice DECj)
  2016 | D:3      | Found a transporter.
  2151 | D:2      | XOM: noise
  2538 | D:3      | Found a transporter.
  2865 | D:3      | XOM: cloud trail
  2878 | D:3      | Reached skill level 5 in Axes
  2971 | D:3      | XOM: give mutations
  2971 | D:3      | Gained mutation: You have a pair of small horns on your
                  | head. [Xom's grace]
  2971 | D:3      | Gained mutation: Your tail ends in a venomous barb. [Xom's
                  | grace]
  3376 | D:4      | Noticed an ogre
  3376 | D:4      | Noticed a necrophage
  3388 | D:4      | XOM: scenery: 1 doors close
  3395 | D:4      | XOM: scenery: 1 doors open, 1 doors close
  3401 | D:4      | XOM: enchant monster (good)
  3418 | D:3      | Killed an ogre
  3419 | D:3      | Reached XP level 6. HP: 32/55 MP: 6/6
  3640 | D:4      | XOM: chaos upgrade
  3645 | D:4      | XOM: confusion
  3646 | D:4      | XOM: chaos upgrade
  3669 | D:4      | Reached skill level 5 in Fighting
  3908 | D:4      | Found a staircase to the Ecumenical Temple.
  3945 | Temple   | Entered the Ecumenical Temple
  4100 | Temple   | XOM: stat loss: -1 Dex (12/13)
  4190 | D:4      | XOM: 4-stop teleportation journey
  4191 | D:4      | XOM: blink monster(s)
  4235 | D:3      | Reached skill level 6 in Axes
  4235 | D:3      | Your scales start taking on a lurid green colour.
  4235 | D:3      | Reached XP level 7. HP: 58/61 MP: 7/7
  4235 | D:3      | Gained mutation: Your system is resistant to poisons.
                  | (rPois) [Green Draconian growth]
  4293 | D:5      | Entered Level 5 of the Dungeon
  4775 | D:5      | Reached skill level 7 in Axes
  5109 | D:5      | XOM: silly message
  5600 | D:6      | XOM: silly message
  5612 | D:6      | XOM: divination: magic mapping
  5615 | D:6      | Slain by an ice beast

Illustrated notes

Levels and vault maps discovered:
D:1:      lemuel_arrival_hallway, layout_loops_ring,
          shapermc_ecumenical_altar_gd, chequers_serial_rivers_small_3
D:2:      layout_rooms, basic_altar, minmay_misc_feat_square, minmay_tromino_i2,
          uniq_natasha, uniq_crazy_yiuf_cottage
D:3:      layout_basic, gammafunk_ghost_arena
D:4:      layout_basic, minmay_temple_entry_sparse_star
D:5:      layout_loops_ring
D:6:      layout_basic, nicolae_ru_great_annihilating_truth, serial_glass,
          glass_columns_b, glass_columns_b, due_unseen_surprise,
          minmay_strange_pillars, item_on_display_a, item_on_display_b,
          serial_shops, nicolae_shop_behind_doors, nicolae_benzene_ring
Temple:   mainiacjoe_temple_bowtie_tessellation

Skill      XL: |  1  2  3  4  5  6  7 |
---------------+----------------------+-----
Fighting       | 4 5 |  5.9
Axes           | 4 5 6 7 |  7.3
Dodging        | 3 4 |  4.4

Action                   |  1- 3 |  4- 6 |  7- 9 || total
-------------------------+-------+-------+-------++-------
Melee: Hand axe          |    94 |   178 |   110 ||   382
       Tailslap          |    10 |    21 |    19 ||    50
       Headbutt          |       |    10 |    16 ||    26
  Use: Scroll            |     2 |       |       ||     2
       Potion            |       |     2 |       ||     2
 Stab: Sleeping          |     1 |       |       ||     1
       Confused          |       |     2 |     1 ||     3
       Paralysed         |       |     1 |     2 ||     3
Armor: Skin              |    28 |    43 |    33 ||   104
Dodge: Dodged            |    55 |    99 |    79 ||   233

Table legend: (Time is in decaauts)
 A = Elapsed time spent in this place.
 B = Non-inter-level travel time spent in this place.
 C = Inter-level travel time spent in this place.
 D = Time resting spent in this place.
 E = Time spent auto-exploring this place.
 F = Levels seen in this place.
 G = Mean time per level.
                   A        B        C        D        E       F      G
               +--------+--------+--------+--------+--------+-----+--------+
         Total |   5618 |   5296 |    322 |    878 |   3420 |   7 |  802.6 |
       Dungeon |   5387 |   5096 |    291 |    878 |   3232 |   6 |  897.8 |
        Temple |    230 |    199 |     31 |      0 |    188 |   1 |  230.0 |
               +--------+--------+--------+--------+--------+-----+--------+

Top non-repeatable levels by time:
     D:3: 1338 daAuts
     D:2: 1264 daAuts
     D:1: 957 daAuts
     D:5: 779 daAuts
     D:4: 686 daAuts
     D:6: 361 daAuts
  Temple: 230 daAuts
